AA - U28
SHREVEPORT ENGINEERS @ FRISCO ROUGHRIDERS
04/07/2053
 
TOP OF THE 1ST
Shreveport Engineers batting - Pitching for Frisco RoughRiders : RHP Weldon Brooks
Pitching: RHP Weldon Brooks
Batting: LHB Felipe Morales 0-0: Foul Ball, location: 3FF
0-1: Ball
1-1: Ball
2-1: Foul Ball, location: 25F
2-2: Fly out, F8 (Line Drive, 8LD, EV 96.3 MPH)
Batting: LHB Leonardo Flowers 0-0: Called Strike
0-1: Ball
1-1: Ball
2-1: Foul Ball, location: 5FF
2-2: Ball
3-2: Foul Ball, location: 2F
3-2: Strikes out swinging
Batting: RHB Dantrell Simmons 0-0: Called Strike
0-1: SINGLE (Line Drive, 8LS, EV 105.0 MPH)
Batting: LHB Nimio Aparicio 0-0: Ball
Dantrell Simmons steals 2nd base
1-0: Ball
2-0: Called Strike
2-1: Ball
Wild Pitch!
Dantrell Simmons to third
3-1: Called Strike
3-2: Hit by Pitch
Batting: RHB Sean Sullivan 0-0: Ball
1-0: Ball
2-0: Foul Ball, location: 2F
2-1: Foul Ball, location: 2F
2-2: DOUBLE (Flyball, 89D, EV 98.8 MPH)
Dantrell Simmons scores
Nimio Aparicio to third
Runner from 3rd tries for Home, SAFE, throw by CF to trailing runner, SAFE at third!
Batting: RHB Keegan Shively 0-0: Foul Ball, location: 9LMF
0-1: Ball
Wild Pitch!
Sean Sullivan scores
1-1: Ball
2-1: Fly out, F8 (Flyball, 8LM, EV 99.4 MPH)
Top of the 1st over - 3 runs, 2 hits, 0 errors, 0 left on base; Shreveport 3 - Frisco 0
BOTTOM OF THE 1ST
Frisco RoughRiders batting - Pitching for Shreveport Engineers : RHP Woody Helu
Pitching: RHP Woody Helu
Batting: RHB Michael Talley 0-0: Ball
1-0: Ground out 5-3 (Groundball, 5L, EV 104.4 MPH)
Batting: LHB Kennedy Byrne 0-0: Ball
1-0: Called Strike
1-1: SINGLE (Groundball, 34D, EV 98.1 MPH)
Batting: RHB Edwin Pérez 0-0: Ball
1-0: Swinging Strike
1-1: SINGLE (Groundball, 34D, EV 95.6 MPH)
Kennedy Byrne to second
Runner from 2nd tries for 3rd, SAFE, throw by RF made to third
Edwin Pérez to second
Batting: LHB Cane Huber 0-0: Ground out 3-1 (Groundball, 34S, EV 78.8 MPH)
Batting: RHB Dan Hauser 0-0: 3-RUN HOME RUN (Flyball, 7D, EV 96.3 MPH), Distance : 391 ft
Batting: LHB Logan Mulder 0-0: Called Strike
0-1: Foul Ball, location: 2F
0-2: Foul Ball, location: 7LDF
0-2: Strikes out swinging
Bottom of the 1st over - 3 runs, 3 hits, 0 errors, 0 left on base; Shreveport 3 - Frisco 3
TOP OF THE 2ND
Shreveport Engineers batting - Pitching for Frisco RoughRiders : RHP Weldon Brooks
Batting: RHB Chip Quinn 0-0: SINGLE (Groundball, 6MD, EV 98.8 MPH)
Batting: RHB Eldon Henderson 0-0: Ball
1-0: Foul Ball, location: 2F
1-1: Fly out, F8 (Flyball, 8LXD, EV 108.8 MPH)
Batting: RHB Mathias Fortin 0-0: Ball
1-0: Fly out, F3 (Popup, 23F, EV 80.0 MPH)
Batting: LHB Felipe Morales 0-0: Foul Ball, location: 2F
0-1: Fly out, F8 (Flyball, 8LS, EV 96.3 MPH)
Top of the 2nd over - 0 runs, 1 hit, 0 errors, 1 left on base; Shreveport 3 - Frisco 3
BOTTOM OF THE 2ND
Frisco RoughRiders batting - Pitching for Shreveport Engineers : RHP Woody Helu
Batting: RHB Abe Richards 0-0: Foul Ball, location: 2F
0-1: Ball
1-1: Ball
2-1: Fly out, F5 (Line Drive, 5L, EV 70.0 MPH)
Batting: RHB Lucas Goss 0-0: Called Strike
0-1: Fly out, F9 (Flyball, 89M, EV 94.4 MPH)
Batting: LHB Hunter Carter 0-0: SINGLE (Groundball, 5S, EV 73.8 MPH) (infield hit)
Batting: RHB Michael Talley 0-0: SINGLE (Line Drive, 8LS, EV 89.4 MPH)
Hunter Carter to second
Batting: LHB Kennedy Byrne 0-0: Called Strike
0-1: Ball
1-1: Reached on error, E6 (Groundball, 6, EV 83.1 MPH)
Hunter Carter to third
Michael Talley to second
Batting: RHB Edwin Pérez 0-0: Ball
1-0: Ball
2-0: Fly out, F8 (Flyball, 8RXD, EV 98.8 MPH)
Bottom of the 2nd over - 0 runs, 2 hits, 1 error, 3 left on base; Shreveport 3 - Frisco 3
TOP OF THE 3RD
Shreveport Engineers batting - Pitching for Frisco RoughRiders : RHP Weldon Brooks
Batting: LHB Leonardo Flowers 0-0: Ball
1-0: Called Strike
1-1: Swinging Strike
1-2: Ball
2-2: SOLO HOME RUN (Flyball, 9LD, EV 96.9 MPH), Distance : 338 ft
Batting: RHB Dantrell Simmons 0-0: Ball
1-0: Called Strike
1-1: SINGLE (Groundball, 6MD, EV 98.8 MPH)
Batting: LHB Nimio Aparicio 0-0: Called Strike
0-1: Fly out, F5 (Line Drive, 56, EV 61.3 MPH)
Batting: RHB Sean Sullivan 0-0: Ball
1-0: Ball
2-0: Ball
3-0: Called Strike
3-1: Base on Balls
Dantrell Simmons to second
Batting: RHB Keegan Shively 0-0: Ball
1-0: Swinging Strike
1-1: Called Strike
1-2: Fly out, F8 (Flyball, 8RD, EV 96.9 MPH)
Batting: RHB Chip Quinn 0-0: Ball
1-0: Fly out, F7 (Flyball, 7S, EV 95.6 MPH)
Top of the 3rd over - 1 run, 2 hits, 0 errors, 2 left on base; Shreveport 4 - Frisco 3
BOTTOM OF THE 3RD
Frisco RoughRiders batting - Pitching for Shreveport Engineers : RHP Woody Helu
Batting: LHB Cane Huber 0-0: Called Strike
0-1: Ball
SINGLE, rundown, out at 1st!
Batting: RHB Dan Hauser 0-0: Called Strike
0-1: Ball
1-1: Fly out, F9 (Line Drive, 9S, EV 96.9 MPH)
Batting: LHB Logan Mulder 0-0: Ball
1-0: Called Strike
1-1: SINGLE (Line Drive, 8RS, EV 90.6 MPH)
Batting: RHB Abe Richards 0-0: Fly out, F8 (Line Drive, 8RM, EV 90.6 MPH)
Bottom of the 3rd over - 0 runs, 2 hits, 0 errors, 1 left on base; Shreveport 4 - Frisco 3
TOP OF THE 4TH
Shreveport Engineers batting - Pitching for Frisco RoughRiders : RHP Weldon Brooks
Batting: RHB Eldon Henderson 0-0: Called Strike
0-1: Foul Ball, location: 9LDF
0-2: Ball
1-2: Fly out, F6 (Popup, P, EV 85.0 MPH)
Batting: RHB Mathias Fortin 0-0: Ball
1-0: Ball
2-0: Ball
3-0: Base on Balls
Batting: LHB Felipe Morales 0-0: Called Strike
0-1: Grounds into double play, 5-4-3 (Groundball, 56, EV 99.4 MPH)
Top of the 4th over - 0 runs, 0 hits, 0 errors, 0 left on base; Shreveport 4 - Frisco 3
BOTTOM OF THE 4TH
Frisco RoughRiders batting - Pitching for Shreveport Engineers : RHP Woody Helu
Batting: RHB Lucas Goss 0-0: Called Strike
0-1: Fly out, F4 (Popup, 4D, EV 73.1 MPH)
Batting: LHB Hunter Carter 0-0: Ball
1-0: Called Strike
1-1: Swinging Strike
1-2: Ball
2-2: Foul Ball, location: 9LSFF
2-2: Strikes out swinging
Batting: RHB Michael Talley 0-0: Called Strike
0-1: Ball
1-1: Ball
2-1: Foul Ball, location: 2F
2-2: Ball
3-2: Base on Balls
Batting: LHB Kennedy Byrne 0-0: Ball
Michael Talley steals 2nd base
1-0: Ball
2-0: Fly out, F6 (Line Drive, 6, EV 71.3 MPH)
Bottom of the 4th over - 0 runs, 0 hits, 0 errors, 1 left on base; Shreveport 4 - Frisco 3
TOP OF THE 5TH
Shreveport Engineers batting - Pitching for Frisco RoughRiders : RHP Weldon Brooks
Batting: LHB Leonardo Flowers 0-0: Ball
1-0: Ball
2-0: Ball
3-0: Base on Balls
Pitching: RHP Sammie García
Batting: RHB Dantrell Simmons 0-0: Ball
1-0: Swinging Strike
1-1: SINGLE (Line Drive, 6, EV 96.3 MPH)
Leonardo Flowers to second
Batting: LHB Nimio Aparicio 0-0: Ball
1-0: Foul Ball, location: 5F
1-1: Ball
2-1: Ball
3-1: Ground out 6-3 (Groundball, 6S, EV 68.8 MPH)
Leonardo Flowers to third
Dantrell Simmons to second
Batting: RHB Sean Sullivan 0-0: Ball
Wild Pitch!
Leonardo Flowers scores
Dantrell Simmons to third
1-0: Fly out, F4 (Popup, 3D, EV 71.9 MPH)
Batting: RHB Keegan Shively 0-0: Ball
1-0: Foul Ball, location: 2LF
1-1: Swinging Strike
1-2: Strikes out swinging
Top of the 5th over - 1 run, 1 hit, 0 errors, 1 left on base; Shreveport 5 - Frisco 3
BOTTOM OF THE 5TH
Frisco RoughRiders batting - Pitching for Shreveport Engineers : RHP Woody Helu
Batting: RHB Edwin Pérez 0-0: Ball
1-0: Ball
2-0: Called Strike
2-1: Swinging Strike
2-2: Foul Ball, location: 2F
2-2: Fly out, F6 (Line Drive, 6M, EV 65.0 MPH)
Batting: LHB Cane Huber 0-0: Ball
1-0: Called Strike
1-1: Ball
2-1: Foul Ball, location: 25F
2-2: Ball
3-2: Strikes out swinging
Batting: RHB Dan Hauser 0-0: Called Strike
0-1: Foul Ball, location: 2F
0-2: Ball
1-2: Foul Ball, location: 9LSF
1-2: Ball
2-2: Ball
3-2: Strikes out looking
Bottom of the 5th over - 0 runs, 0 hits, 0 errors, 0 left on base; Shreveport 5 - Frisco 3
TOP OF THE 6TH
Shreveport Engineers batting - Pitching for Frisco RoughRiders : RHP Sammie García
Batting: RHB Chip Quinn 0-0: Ball
1-0: Foul Ball, location: 2F
1-1: Ball
2-1: Ball
3-1: Foul Ball, location: 2F
3-2: Base on Balls
Batting: RHB Eldon Henderson 0-0: Fly out, F4 (Popup, 34D, EV 56.9 MPH)
Batting: RHB Mathias Fortin 0-0: Ball
1-0: Ball
2-0: Ball
3-0: Called Strike
3-1: Called Strike
3-2: SINGLE (Groundball, 3S, EV 79.4 MPH) (infield hit)
Chip Quinn to second
Batting: LHB Felipe Morales 0-0: Ball
1-0: Foul Ball, location: 5F
1-1: Ball
2-1: Ball
3-1: Foul Ball, location: 2F
3-2: Strikes out looking
Batting: LHB Leonardo Flowers 0-0: Ball
1-0: Called Strike
1-1: Called Strike
1-2: Strikes out swinging
Top of the 6th over - 0 runs, 1 hit, 0 errors, 2 left on base; Shreveport 5 - Frisco 3
BOTTOM OF THE 6TH
Frisco RoughRiders batting - Pitching for Shreveport Engineers : RHP Woody Helu
Batting: LHB Logan Mulder 0-0: Called Strike
0-1: DOUBLE (Flyball, 8LXD, EV 95.6 MPH)
Batting: RHB Abe Richards 0-0: Ground out 4-3 (Groundball, 4, EV 103.8 MPH)
Logan Mulder to third
Batting: RHB Lucas Goss 0-0: Ball
1-0: Ball
2-0: Called Strike
2-1: SINGLE (Flyball, 34D, EV 91.3 MPH)
Logan Mulder scores
Batting: LHB Hunter Carter 0-0: Bunt missed!
0-1: Bunted foul
0-2: SINGLE (Line Drive, 8LS, EV 86.3 MPH)
Lucas Goss to second
Runner from 2nd tries for 3rd, SAFE, throw by CF made to third
Batting: RHB Michael Talley 0-0: Ball
1-0: Ball
2-0: Foul Ball, location: 3SF
2-1: SINGLE (Line Drive, 7LS, EV 102.5 MPH)
Lucas Goss scores
Hunter Carter to second
Pitching: LHP Gavin Kohn
Batting: LHB Kennedy Byrne 0-0: Ball
1-0: Fielders Choice at 2nd, 4-6 (Groundball, 34D, EV 99.4 MPH)
Hunter Carter to third
Batting: RHB Edwin Pérez 0-0: Fielders Choice at 2nd, 5-4 (Groundball, 56, EV 82.5 MPH)
Bottom of the 6th over - 2 runs, 4 hits, 0 errors, 2 left on base; Shreveport 5 - Frisco 5
TOP OF THE 7TH
Shreveport Engineers batting - Pitching for Frisco RoughRiders : RHP Sammie García
Batting: RHB Dantrell Simmons 0-0: Called Strike
0-1: SINGLE (Line Drive, 78M, EV 101.9 MPH)
Batting: LHB Nimio Aparicio 0-0: Hit by Pitch
Dantrell Simmons to second
Batting: RHB Sean Sullivan 0-0: Ball
1-0: Called Strike
1-1: Fly out, F9 (Flyball, 9LD, EV 110.0 MPH)
Batting: RHB Keegan Shively 0-0: 3-RUN HOME RUN (Flyball, 9LD, EV 98.8 MPH), Distance : 351 ft
Pitching: RHP Santiago Baez
Batting: RHB Chip Quinn 0-0: Swinging Strike
0-1: Called Strike
0-2: Strikes out swinging
Batting: RHB Eldon Henderson 0-0: Ball
1-0: Foul Ball, location: 3FF
1-1: Ground out 6-3 (Groundball, 6, EV 110.0 MPH)
Top of the 7th over - 3 runs, 2 hits, 0 errors, 0 left on base; Shreveport 8 - Frisco 5
BOTTOM OF THE 7TH
Frisco RoughRiders batting - Pitching for Shreveport Engineers : LHP Gavin Kohn
Batting: LHB Cane Huber 0-0: Foul Ball, location: 3F
0-1: Ball
1-1: Ball
2-1: SINGLE (Groundball, 34D, EV 102.5 MPH)
Batting: RHB Dan Hauser 0-0: Ball
1-0: Called Strike
1-1: Fielders Choice at 2nd, 1-6 (Groundball, 13, EV 66.9 MPH)
Batting: LHB Logan Mulder 0-0: Foul Ball, location: 5F
0-1: SINGLE (Line Drive, 6MD, EV 99.4 MPH)
Dan Hauser to second
Batting: RHB Abe Richards 0-0: Ball
1-0: Hit by Pitch
Dan Hauser to third
Logan Mulder to second
Batting: RHB Lucas Goss 0-0: Ball
1-0: Swinging Strike
1-1: Grounds into fielders choice 6-2 (Groundball, 6, EV 83.8 MPH)
Logan Mulder to third
Abe Richards to second
Batting: LHB Hunter Carter 0-0: Ball
1-0: Called Strike
1-1: Ball
Wild Pitch!
Logan Mulder scores
Abe Richards to third
Lucas Goss to second
2-1: Ball
3-1: Fly out, F8 (Flyball, 8RS, EV 93.8 MPH)
Bottom of the 7th over - 1 run, 2 hits, 0 errors, 2 left on base; Shreveport 8 - Frisco 6
TOP OF THE 8TH
Shreveport Engineers batting - Pitching for Frisco RoughRiders : RHP Santiago Baez
Batting: RHB Mathias Fortin 0-0: Called Strike
0-1: Swinging Strike
0-2: Fly out, F7 (Flyball, 7S, EV 96.3 MPH)
Batting: LHB Felipe Morales 0-0: Swinging Strike
0-1: Foul Ball, location: 25FF
0-2: Strikes out swinging
Batting: LHB Leonardo Flowers 0-0: SINGLE (Line Drive, 9S, EV 90.0 MPH)
Batting: RHB Dantrell Simmons 0-0: Ball
1-0: Fly out, F4 (Line Drive, 4, EV 70.0 MPH)
Top of the 8th over - 0 runs, 1 hit, 0 errors, 1 left on base; Shreveport 8 - Frisco 6
BOTTOM OF THE 8TH
Frisco RoughRiders batting - Pitching for Shreveport Engineers : LHP Gavin Kohn
Batting: RHB Michael Talley 0-0: Swinging Strike
0-1: Called Strike
0-2: Foul Ball, location: 2F
0-2: Ball
1-2: Ball
2-2: Fly out, F8 (Flyball, 8RD, EV 108.1 MPH)
Batting: LHB Kennedy Byrne 0-0: Swinging Strike
0-1: Fly out, F8 (Flyball, 8RXD, EV 99.4 MPH)
Batting: RHB Edwin Pérez 0-0: Foul Ball, location: 7LSF
0-1: Ball
1-1: Swinging Strike
1-2: SINGLE (Groundball, 3D, EV 102.5 MPH)
Batting: LHB Cane Huber 0-0: Called Strike
0-1: Ball
1-1: Ball
2-1: Foul Ball, location: 9LMF
2-2: Ball
3-2: Foul Ball, location: 2F
3-2: Strikes out swinging
Bottom of the 8th over - 0 runs, 1 hit, 0 errors, 1 left on base; Shreveport 8 - Frisco 6
TOP OF THE 9TH
Shreveport Engineers batting - Pitching for Frisco RoughRiders : RHP Santiago Baez
Batting: LHB Nimio Aparicio 0-0: Called Strike
0-1: Ball
1-1: Fly out, F8 (Line Drive, 8RD, EV 107.5 MPH)
Batting: RHB Sean Sullivan 0-0: Called Strike
0-1: Ball
1-1: Ball
2-1: Ball
3-1: Base on Balls
Batting: RHB Keegan Shively 0-0: Called Strike
0-1: Fly out, F8 (Flyball, 8RD, EV 110.6 MPH)
Batting: RHB Chip Quinn 0-0: Ground out 6-3 (Groundball, 6M, EV 103.8 MPH)
Top of the 9th over - 0 runs, 0 hits, 0 errors, 1 left on base; Shreveport 8 - Frisco 6
BOTTOM OF THE 9TH
Frisco RoughRiders batting - Pitching for Shreveport Engineers : LHP Gavin Kohn
Pitching: RHP Deonarine Murdianto
Now at 1B: Henri Willems
Now at 2B: Téo Vazquez
Now in LF: Keegan Shively
Now in CF: Chris Greenup
Now in RF: Johnny Short
Batting: RHB Dan Hauser 0-0: Ball
1-0: Ball
2-0: Called Strike
2-1: Ball
3-1: Foul Ball, location: 9LSF
3-2: Strikes out swinging
Batting: LHB Logan Mulder 0-0: Swinging Strike
0-1: Ball
1-1: Called Strike
1-2: Strikes out swinging
Batting: RHB Abe Richards 0-0: Called Strike
0-1: Foul Ball, location: 9LMF
0-2: Ball
1-2: Ball
2-2: Strikes out looking
Bottom of the 9th over - 0 runs, 0 hits, 0 errors, 0 left on base; Shreveport 8 - Frisco 6
Tuesday, May 21st , 2024 - OOTP Baseball 25.4 Build 64